 Dungeon Crawl Stone Soup version 0.30.0-13-g156ef70053 (webtiles) character file.

Game seed: 16118623748293843033

40357 LobsterGuardian the Tortoise (level 14, -3/119 HPs)
             Began as a Hill Orc Monk on May 18, 2023.
             Was a Priest of Beogh.
             Killed from afar by a starcursed mass (11 damage)
             ... with an accursed screaming
             ... on level 3 of the Abyss.
             The game lasted 00:38:37 (16091 turns).

LobsterGuardian the Tortoise (Hill Orc Monk)       Turns: 16091, Time: 00:38:39

Health: -3/119     AC: 22    Str: 20 (21) XL:     14   Next: 10%
Magic:  2/19       EV: 11    Int:  6 (8)  God:    Beogh [***...]
Gold:   762        SH:  0    Dex: 12 (13) Spells: 13/13 levels left

rFire   + . .        g - +2 war axe (heavy)
rCold   . . .        d - orb {light}
rNeg    . . .        j - +0 chain mail
rPois   .            m - +0 helmet
rElec   .            v - +1 cloak
rCorr   .            c - +0 pair of gloves
SInv    .            q - +1 pair of boots "Zuoff" {rF+}
Will    +....        (no amulet) Stlth
                     C - +4 ring of protection
HPRegen 0.00/turn    K - +6 ring of strength
MPRegen 0.16/turn

%: random rage (3%)
@: about to teleport, inhibited regen, glowing
A: berserk 1, frail 1, inhibited regeneration, [deformed body], deterioration
1[+1], [dopey 1], [weak 2]
a: Renounce Religion, Smiting


You were on level 3 of the Abyss.
You worshipped Beogh.
Beogh was most pleased with you.
You visited 3 branches of the dungeon, and saw 17 of its levels.
You visited the Abyss 1 time.
You also visited: Ossuary, Gauntlet and Ice Cave.

You collected 1093 gold pieces.
You spent 331 gold pieces at shops.

Inventory:

Hand Weapons
 b - a +1 war axe of flaming
 g - a +2 heavy war axe (weapon)
Armour
 c - a +0 pair of gloves (worn)
 d - an orb of light (worn)
 j - a +0 chain mail (worn)
 m - a +0 helmet (worn)
 q - the +1 pair of boots "Zuoff" (worn) {rF+}
   (You acquired it on level 1 of the Lair of Beasts)

   rF:        It protects you from fire.
 v - a +1 cloak (worn)
 O - a +2 buckler
Jewellery
 f - the ring "Mirymmer" {Str+6 Int+3}
   (You found it in a Gauntlet)

   [ring of strength]

   Str:       It affects your strength (+6).
   Int:       It affects your intelligence (+3).
 A - an amulet of reflection
 C - a +4 ring of protection (left hand)
 G - a ring of wizardry
 J - a +5 ring of evasion
 K - a +6 ring of strength (right hand)
Wands
 l - a wand of mindburst (13)
 p - a wand of polymorph (5)
 D - a wand of paralysis (9)
 M - a wand of digging (1)
Scrolls
 a - 8 scrolls of enchant armour
 i - 4 scrolls of vulnerability
 o - 2 scrolls of silence
 r - 2 scrolls of enchant weapon
 s - 2 scrolls of fog {unknown}
 t - 3 scrolls of fear
 u - 7 scrolls of teleportation
 y - 2 scrolls of blinking
 E - 3 scrolls of immolation
 F - 2 scrolls of amnesia
 N - a scroll of butterflies {unknown}
Potions
 e - 7 potions of attraction
 h - 2 potions of lignification
 n - 3 potions of flight
 w - 5 potions of cancellation
 x - 3 potions of curing
 z - 5 potions of might
 B - a potion of brilliance


   Skills:
 + Level 14.4 Fighting
 - Level 16.0 Axes
 * Level 16.2 Armour
 + Level 5.6 Dodging
 - Level 1.0 Stealth
 + Level 7.7 Invocations


You had 13 spell levels left.
You didn't know any spells.
Your spell library contained the following spells:

 Spells                   Type           Power      Damage    Failure   Level
 Foxfire                  Conj/Fire      0%         2x1d4     90%         1
 Kiss of Death            Conj/Necr      0%         2d5       90%         1
 Shock                    Conj/Air       0%         1d3       90%         1
 Ensorcelled Hibernation  Hex/Ice        0%         N/A       97%         2
 Lesser Beckoning         Tloc           0%         N/A       97%         2
 Passwall                 Tmut/Erth      0%         N/A       97%         2
 Confusing Touch          Hex            0%         N/A       99%         3
 Gell's Gravitas          Tloc           0%         N/A       99%         3
 Spider Form              Tmut/Pois      0%         N/A       99%         3
 Swiftness                Air            0%         N/A       99%         3
 Teleport Other           Tloc           0%         N/A       99%         3
 Tukima's Dance           Hex            0%         N/A       99%         3
 Airstrike                Air            0%         2d(0-16)  100%        4
 Anguish                  Hex/Necr       0%         N/A       100%        4
 Dispel Undead            Necr           0%         3d6       100%        4
 Passage of Golubria      Tloc           0%         N/A       100%        4
 Fireball                 Conj/Fire      0%         3d3       100%        5
 Iskenderun's Battlesphe  Conj           0%         2d6       100%        5
 Yara's Violent Unravell  Hex/Tmut       0%         3d3       100%        5
 Conjure Ball Lightning   Conj/Air       0%         3x3d6     100%        6
 Plasma Beam              Fire/Air       0%         2x1d11    100%        6
 Starburst                Conj/Fire      0%         6d3       100%        6
 Orb of Destruction       Conj           0%         9d5       100%        7


Dungeon Overview and Level Annotations

Branches:
Dungeon (13/15)            Temple (1/1) D:7            Lair (3/5) D:8
 Shoals (0/4) Lair:3       Spider (0/4) Lair:2          Orc (0/2) D:12
 Vaults (0/5) D:13        Ossuary (visited)           IceCv (visited)
Gauntlet (visited)

Altars:
Ashenzari
Cheibriados
Dithmenos
Elyvilon
Fedhas
Gozag
Hepliaklqana
Kikubaaqudgha
Makhleb
Nemelex Xobeh
Okawaru
Qazlal
Ru
Sif Muna
Trog
Uskayaw
Vehumet
Wu Jian
Xom
Yredelemnul
Zin
The Shining One

Shops:
D:2 =   D:4 (   D:5 [   D:8 =[=   D:9 *

Annotations:
D:8 Nice Cloak
D:9 2 transporters
D:11 3 transporters, howech's ghost, novice MiGl Gauntlet 11 transporters


Innate Abilities, Weirdness & Mutations

You sometimes lose your temper in combat.
You are frail. (-10% HP)
You do not regenerate when monsters are visible.
[Armour fits poorly on your strangely shaped body.]
[Your body often deteriorates upon taking damage.]
[You are dopey. (Int -2)]
[You are very weak. (Str -4)]


Message History

The smoke demon closely misses you. The smoke demon completely misses you.
The smoke demon hits you but does no damage.
The wretched star glows turbulently.
The lance of force hits you!
You are knocked back by the lance of force.
You slam into the rock wall!
A starcursed mass comes into view.
The lich conjures an orb of pure magic.
You hear a bark!
An orb of destruction comes into view.
Unknown command.
Unknown command.
Okay, then.
The smoke demon gestures at you. Something smites you!
The glowing orange brain blinks!
A tentacle flies out from the starspawn's body!
A starcursed mass splits.
The wavering orb of destruction hits you!!!
* * * LOW HITPOINT WARNING * * *
Your body deteriorates!
You feel weakened.
A starspawn tentacle comes into view.
You feel better.
The wretched star pulses with an eldritch light!
You feel weaker. x2
A starcursed mass splits.
Unknown command.
You feel better. The smoke demon gestures at you. Something smites you!
* * * LOW HITPOINT WARNING * * *
Your body deteriorates!
You feel clumsy.
The wretched star glows turbulently.
The lance of force hits you!
* * * LOW HITPOINT WARNING * * *
Your body deteriorates!
You feel dopey.
You are knocked back by the lance of force.
You slam into the rock wall!
A wretched star comes into view.
A chorus of shrieks assaults your mind.
You die...

....# ..*.##
## .....#
####.#†...#
#....X....#
#.....X...###
#...5X)....Xw
#*3....#
#@#...## ###
..# # ..# .#
# . .


You could see 3 starcursed masses, a tentacled starspawn, 2 wretched stars, a
smoke demon, a starspawn tentacle (distracted) and a white imp (paralysed).

Vanquished Creatures
  A tentacled starspawn (Abyss:3)
  A lorocyproca (Abyss:3)
  A spriggan zombie (Abyss:3)
  A hydra (Lair:3)
  Erolcha (D:13)
  A centaur warrior (D:13)
  A boulder beetle (D:11)
  4 two-headed ogres
  A tengu warrior (D:13)
  10 death yaks
  2 bog bodies (IceCv)
  A bunyip skeleton (Abyss:3)
  2 cyclopes
  An ugly thing (D:13)
  A black mamba (Lair:1)
  An apocalypse crab (Abyss:3)
  An ice statue (IceCv)
  A merfolk siren (Lair:3)
  2 gargoyles
  4 cane toads
  3 rime drakes
  3 komodo dragons
  An efreet (Abyss:3)
  2 anaconda simulacra (IceCv)
  A tengu conjurer (D:13)
  2 polar bears
  2 trolls
  Prince Ribbit (D:8)
  5 culicivoras (Lair:2)
  5 shadows
  21 yaks
  2 vampires
  A basilisk (Lair:1)
  A neqoxec (Abyss:3)
  4 death yak simulacra (IceCv)
  4 steam dragons
  A harpy simulacrum (IceCv)
  6 vampire mosquitoes (D:11)
  4 acid dragons
  9 water moccasins
  A hydra simulacrum (IceCv)
  2 orc warriors
  5 large abominations (Abyss:3)
  A sky beast (D:6)
  3 black bears
  6 ice beasts
  4 ogres
  5 wolves
  7 centaurs
  3 small abominations (Abyss:3)
  A phantom (D:6)
  3 kobold brigands
  An elf zombie (Ossuary)
  4 bullfrogs
  3 scorpions
  4 cane toad simulacra (IceCv)
  3 two-headed ogre simulacra (IceCv)
  8 wights (D:9)
  4 killer bees (D:8)
  An elephant simulacrum (IceCv)
  13 howler monkeys
  3 centaur zombies (Ossuary)
  4 orc priests (D:9)
  7 hounds
  4 jellies
  2 gnoll boudas
  4 sleepcaps
  Jessica (D:3)
  Terence (D:3)
  2 iguanas
  11 orc wizards
  8 spriggan simulacra (IceCv)
  A polar bear simulacrum (IceCv)
  5 troll simulacra (IceCv)
  3 wolf simulacra (IceCv)
  2 mummies (Ossuary)
  8 gnolls
  5 adders
  6 naga simulacra (IceCv)
  A shadow imp (D:7)
  16 white imps
  4 ufetubi (IceCv)
  2 adder zombies (Ossuary)
  2 dart slugs (D:1)
  55 orcs
  3 ball pythons
  8 endoplasms
  3 giant cockroaches
  11 goblins
  11 hobgoblins
  10 jackals
  19 kobolds
  4 quokkas
  6 bats
  4 frilled lizards (D:1)
  A goblin zombie (Ossuary)
  11 hobgoblin zombies (Ossuary)
  3 jackal zombies (Ossuary)
  8 kobold zombies (Ossuary)
  7 orc zombies (Ossuary)
  4 rats
468 creatures vanquished.

Vanquished Creatures (collateral kills)
  2 death yaks (Lair:3)
  2 cane toads
  A wyvern (Lair:2)
  3 yaks
  2 basilisks (Lair:2)
  A bullfrog (Lair:2)
  A troll simulacrum (IceCv)
  A naga simulacrum (IceCv)
  A white imp (IceCv)
  2 ufetubi (IceCv)
16 creatures vanquished.

Vanquished Creatures (others)
  An orc wizard (Lair:1)
  An orc priest (D:8)
  6 orcs
  3 starspawn tentacles (Abyss:3)
11 creatures vanquished.

Grand Total: 495 creatures vanquished

Notes
Turn   | Place    | Note
-------+----------+-------------------------------------------
     0 | D:1      | LobsterGuardian the Hill Orc Monk began the quest for the
                  | Orb.
     0 | D:1      | Reached XP level 1. HP: 19/19 MP: 1/1
   108 | D:1      | Reached XP level 2. HP: 27/27 MP: 2/2
   271 | D:1      | Reached skill level 5 in Axes
   322 | D:1      | Reached XP level 3. HP: 33/33 MP: 3/3
  1037 | D:2      | Found Kuafaseo's Jewellery Shop.
  1178 | D:2      | Reached XP level 4. HP: 40/40 MP: 4/4
  1566 | D:3      | Noticed Terence
  1585 | D:3      | Killed Terence
  1754 | D:3      | Found a shimmering blue altar of Sif Muna.
  1754 | D:3      | Found a basalt altar of Yredelemnul.
  1761 | D:3      | Reached XP level 5. HP: 34/46 MP: 5/5
  1945 | D:3      | Found a faded altar of an unknown god.
  2015 | D:3      | Found a hide-covered altar of Uskayaw.
  2073 | D:3      | Noticed Jessica
  2079 | D:3      | Killed Jessica
  2421 | D:4      | Reached skill level 1 in Armour
  2431 | D:4      | Noticed an ogre
  2473 | D:3      | Reached XP level 6. HP: 30/52 MP: 6/6
  2872 | D:4      | Reached XP level 7. HP: 12/60 MP: 7/7
  3242 | D:4      | Reached skill level 5 in Fighting
  3242 | D:4      | Reached skill level 10 in Axes
  3309 | D:4      | Found Wastaz's Antique Weapon Shoppe.
  3354 | D:4      | Reached XP level 8. HP: 59/68 MP: 8/8
  3392 | D:4      | Bought a runed war axe for 143 gold pieces
  3444 | D:5      | Entered Level 5 of the Dungeon
  3448 | D:5      | Found Cuimil's Armour Emporium.
  3491 | D:5      | Bought a +0 pair of gloves for 58 gold pieces
  3652 | D:5      | Found a snail-covered altar of Cheibriados.
  4359 | D:6      | Found a broken altar of Ashenzari.
  4613 | D:6      | Reached XP level 9. HP: 66/75 MP: 9/9
  5299 | D:7      | Found a sand-covered staircase.
  5306 | Ossuary  | Entered an ossuary
  5539 | Ossuary  | Gained mutation: You have a beak for a mouth. [potion of
                  | mutation]
  5539 | Ossuary  | Gained mutation: You are partially covered in iridescent
                  | scales. (AC +2) [potion of mutation]
  5539 | Ossuary  | Lost mutation: You are partially covered in iridescent
                  | scales. (AC +2) [potion of mutation]
  5621 | D:7      | Found a shadowy altar of Dithmenos.
  5622 | D:7      | Found a hazy altar of Hepliaklqana.
  5690 | D:7      | Found a staircase to the Ecumenical Temple.
  5858 | Temple   | Entered the Ecumenical Temple
  5957 | D:8      | Reached skill level 15 in Axes
  6000 | D:8      | Noticed a rime drake
  6123 | D:8      | Noticed Prince Ribbit
  6128 | D:8      | Reached XP level 10. HP: 31/86 MP: 10/10
  6131 | D:8      | Killed Prince Ribbit
  6148 | D:8      | Noticed a two-headed ogre
  6324 | D:8      | Found a staircase to the Lair.
  6333 | D:8      | Identified the +4 leather armour of Qanav {Int+4}
  6444 | D:8      | Reached skill level 5 in Armour
  6446 | D:8      | Became a worshipper of Beogh the Brigand
  6446 | D:8      | Reached * piety under Beogh
  6446 | D:8      | Reached ** piety under Beogh
  6560 | D:8      | Found Yxim's Jewellery Boutique.
  6687 | D:8      | Killed a two-headed ogre
  6805 | D:8      | Lost mutation: You have a beak for a mouth. [potion of
                  | mutation]
  6805 | D:8      | Gained mutation: Your skin changes colour to match your
                  | surroundings (Stealth+). [potion of mutation]
  6812 | D:8      | Found Ateloexu's Jewellery Shoppe.
  6826 | D:8      | Found Gaxopuad's Armour Emporium.
  7156 | D:9      | Found a transporter.
  7203 | D:9      | Reached skill level 10 in Fighting
  7349 | D:9      | Noticed a gargoyle
  7361 | D:9      | Killed a gargoyle
  7381 | D:9      | Found a glowing golden altar of the Shining One.
  7528 | D:9      | Found Vajarih's Assorted Antiques.
  7536 | D:9      | Bought a cabochon ring for 130 gold pieces
  7623 | D:9      | Found a transporter.
  7918 | D:10     | Entered Level 10 of the Dungeon
  8035 | D:10     | Reached *** piety under Beogh
  8036 | D:10     | Reached XP level 11. HP: 101/101 MP: 11/11
  8098 | D:10     | Noticed a cyclops
  8107 | D:10     | Killed a cyclops
  8227 | D:10     | Identified the +0 robe "Xyboaqiq" {rElec Str+6 Int-3}
  8389 | D:10     | Noticed a two-headed ogre
  8396 | D:10     | Killed a two-headed ogre
  8497 | D:10     | Reached skill level 1 in Invocations
  8685 | D:11     | Found a transporter.
  8688 | D:11     | Noticed howech's ghost (novice MiGl)
  8788 | D:11     | Noticed a boulder beetle
  8799 | D:11     | Killed a boulder beetle
  8946 | D:11     | Found a transporter.
  8946 | D:11     | Found a transporter.
  8947 | D:11     | Found a transporter.
  8948 | D:11     | Found a transporter.
  9250 | D:11     | Noticed a two-headed ogre
  9256 | D:11     | Killed a two-headed ogre
  9640 | D:12     | Noticed a cyclops
  9649 | D:12     | Killed a cyclops
  9650 | D:12     | Reached XP level 12. HP: 98/112 MP: 16/16
 10190 | D:12     | Reached skill level 10 in Armour
 10382 | D:12     | Found a staircase to the Orcish Mines.
 10547 | D:13     | Noticed a two-headed ogre
 10553 | D:13     | Killed a two-headed ogre
 10636 | D:13     | Found a frozen archway.
 10646 | D:13     | Reached **** piety under Beogh
 10651 | D:13     | Lost mutation: Your skin changes colour to match your
                  | surroundings (Stealth+). [potion of mutation]
 10651 | D:13     | Gained mutation: [Your body sometimes deteriorates upon
                  | taking damage.] [potion of mutation]
 10656 | IceCv    | Entered an ice cave
 11557 | IceCv    | Reached ***** piety under Beogh
 11728 | IceCv    | Found the +3 greatsling "Punk" {acid, rCorr}
 11989 | D:13     | Noticed Erolcha
 11993 | D:13     | Killed Erolcha
 12072 | D:13     | Noticed a tengu warrior
 12089 | D:13     | Killed a tengu warrior
 12261 | D:13     | Noticed a centaur warrior
 12268 | D:13     | Killed a centaur warrior
 12396 | D:13     | Noticed an ironbound preserver
 12397 | D:13     | Found a gate to the Vaults.
 12410 | D:13     | Reached skill level 5 in Dodging
 12670 | Lair:1   | Entered Level 1 of the Lair of Beasts
 12969 | Lair:1   | Reached XP level 13. HP: 106/119 MP: 18/18
 13780 | Lair:1   | Identified a scroll of acquirement
 13780 | Lair:1   | Acquired the +1 pair of boots "Zuoff" {rF+}
 13903 | Lair:2   | Reached skill level 1 in Stealth
 14302 | Lair:2   | Found a hole to the Spider Nest.
 14691 | Lair:2   | Reached skill level 15 in Armour
 15247 | Lair:3   | Found a staircase to the Shoals.
 15275 | Lair:3   | Gained Bolgrim as an ally
 15283 | Lair:3   | Gained Garbold as an ally
 15323 | Lair:3   | Found a gate leading to a gauntlet.
 15339 | Gauntlet | Entered a Gauntlet
 15339 | Gauntlet | Found a transporter.
 15339 | Gauntlet | Found a transporter.
 15406 | Gauntlet | Found a transporter.
 15409 | Gauntlet | Found a transporter.
 15424 | Gauntlet | Found a transporter.
 15427 | Gauntlet | Found a transporter.
 15432 | Gauntlet | Found a transporter.
 15440 | Gauntlet | Found a transporter.
 15458 | Gauntlet | Found a transporter.
 15466 | Gauntlet | Found a transporter.
 15484 | Gauntlet | Found a transporter.
 15564 | Gauntlet | Found a transporter.
 15674 | Gauntlet | Identified the ring "Mirymmer" {Str+6 Int+3}
 15679 | Abyss:3  | Cast into level 3 of the Abyss (a wizard)
 15789 | Abyss:3  | Gained mutation: You sometimes lose your temper in combat.
                  | [a neqoxec]
 15792 | Abyss:3  | Gained mutation: You are frail. (-10% HP) [a neqoxec]
 15797 | Abyss:3  | Gained mutation: You do not regenerate when monsters are
                  | visible. [a neqoxec]
 15957 | Abyss:3  | Noticed a tentacled starspawn
 15963 | Abyss:3  | Killed a tentacled starspawn
 15964 | Abyss:3  | Reached XP level 14. HP: 61/119 MP: 0/17
 16077 | Abyss:3  | Noticed a lorocyproca
 16082 | Abyss:3  | Noticed a lich
 16084 | Abyss:3  | Killed a lorocyproca
 16088 | Abyss:3  | Noticed a tentacled starspawn
 16088 | Abyss:3  | Noticed a starcursed mass
 16091 | Abyss:3  | Killed from afar by a starcursed mass

Illustrated notes

Levels and vault maps discovered:
D:1:      scummos_arrival_simple_crosswalls, layout_loops_ring
D:2:      cheibrodos_greedy_goblins, layout_basic, serial_shops,
          nicolae_shop_gaudy_bauble, kennysheep_generic_room_3
D:3:      layout_loops_ring, nicolae_overflow_ecumenical_swirl,
          nicolae_overflow_two_pavilions, uniq_jessica, uniq_terence
D:4:      cheibrodos_thug_alley, layout_basic, serial_shops, shop
D:5:      layout_loops_cross, mainiacjoe_overflow_alcove_1, serial_shops,
          nicolae_shop_statue_plus
D:6:      layout_gridville, cheibrodos_ashenzari_chains, minivault_23
D:7:      layout_rooms, riverfiend_overflow_shadow_ancestor,
          minmay_temple_entry_hall, chequers_ossuary_entry_cave
D:8:      layout_gridville, hellmonk_lair_entry_icy, serial_shops,
          nicolae_shop_getting_attention, nicolae_shop_gaudy_bauble,
          nicolae_shop_waterfront, feat_on_display, uniq_prince_ribbit1
D:9:      gammafunk_steamed_eel, layout_basic, nicolae_tso_swordbearing_angel,
          serial_shops, shop
D:10:     layout_gridville, solitary_fountain
D:11:     layout_long_grid, gammafunk_ghost_hive, nicolae_diode_quadrants
D:12:     layout_rooms, orc_0_dummy, chequers_serial_rivers_small_a
D:13:     layout_loops_ring, skrybe_vaults_entry_preservation,
          portal_ice_cave_entry_imps, uniq_erolcha
Temple:   zaba_magenta_temple
Lair:1:   layout_misc_corridors
Lair:2:   layout_small_grid, hellmonk_spider_entry_life_and_decay,
          nicolae_lair_lil_pond
Lair:3:   layout_gridlike, minmay_shoals_entry_lonely_mermaid,
          gauntlet_entry_generic
Abyss:3:  base: D:2, base:
Lair:3
Gauntlet: gammafunk_gauntlet_shortcut [gammafunk_gauntlet_arena_grid,
          gammafunk_gauntlet_arena_chambers,
          gammafunk_gauntlet_arena_split_diamond,
          gammafunk_gauntlet_arena_crates, nicolae_gauntlet_arena_x,
          gammafunk_gauntlet_arena_arrow_garden, gauntlet_exit_green]

Skill      XL: |  1  2  3  4  5  6  7  8  9 10 11 12 13 |
---------------+----------------------------------------+-----
Axes           | 5 6 7 8 9 10 13 15 16 | 16.0
Fighting       | 4 5 7 10 12 14 | 14.4
Armour         | 1 2 3 7 9 13 16 | 16.2
Dodging        | 3 4 5 |  5.6
Invocations    | 6 7 |  7.7
Stealth        | 1 |  1.0

Action                     |  1- 3 |  4- 6 |  7- 9 | 10-12 | 13-15 || total
---------------------------+-------+-------+-------+-------+-------++-------
  Melee: Hand axe          |    92 |   162 |       |       |       ||   254
         War axe           |       |    27 |   216 |   376 |   188 ||   807
         Peck              |       |       |     6 |     6 |       ||    12
  Throw: Throwing net      |       |     2 |       |     3 |       ||     5
 Invoke: Convert to Beogh  |       |       |       |     1 |       ||     1
         Smiting           |       |       |       |     2 |    14 ||    16
         Recall Orcish Fol |       |       |       |     1 |     7 ||     8
         Give Item to Name |       |       |       |       |     1 ||     1
  Evoke: Wand              |       |       |       |     4 |    29 ||    33
    Use: Scroll            |     2 |     5 |     5 |    11 |     5 ||    28
         Potion            |       |     2 |     6 |     2 |    12 ||    22
   Stab: Paralysed         |       |       |       |     7 |       ||     7
 Armour: Robe              |    19 |       |       |       |       ||    19
         Chain mail        |    15 |    84 |   123 |   216 |   103 ||   541
         Skin              |       |     8 |     3 |       |       ||    11
  Dodge: Dodged            |    51 |    70 |    76 |   190 |    80 ||   467
